[ AOE2 MATCH · #484951665 ]
UnrankedBohemians vs Italians
[ REPLAY ANALYSIS · EXTRACTED FROM THE RECORDED GAME ]
Feudal
10:56
Castle
14:32
Imperial
27:47
| APM avg | 33.6 |
| APM peak | 101 |
| eAPM avg | 16.5 |
| Villagers / military | 177 / 220 |
Focus
⚔️ 24.2% · 🌾 75.8%
Spearman ×182 · Bombard Cannon ×20 · Hand Cannoneer ×17 · Monk ×1
Feudal
9:25
Castle
23:39
Imperial
—
| APM avg | 40.2 |
| APM peak | 104 |
| eAPM avg | 17.7 |
| Villagers / military | 143 / 206 |
Focus
⚔️ 34.8% · 🌾 65.2%
Skirmisher ×151 · Archer ×55
Feudal
11:55
Castle
15:50
Imperial
37:28
| APM avg | 39.7 |
| APM peak | 84 |
| eAPM avg | 22.8 |
| Villagers / military | 128 / 124 |
Focus
⚔️ 37.9% · 🌾 62.1%
Spearman ×48 · Samurai ×42 · Militia ×15 · Battering Ram ×15 · Petard ×3 · Mangonel ×1
Feudal
10:08
Castle
24:33
Imperial
38:46
| APM avg | 36.7 |
| APM peak | 74 |
| eAPM avg | 18.0 |
| Villagers / military | 147 / 208 |
Focus
⚔️ 31.5% · 🌾 68.5%
Steppe Lancer ×176 · Spearman ×17 · Battering Ram ×13 · Trebuchet (Packed) ×2
Feudal
10:49
Castle
14:19
Imperial
42:15
| APM avg | 31.0 |
| APM peak | 62 |
| eAPM avg | 13.2 |
| Villagers / military | 91 / 71 |
Focus
⚔️ 27.0% · 🌾 73.0%
Conquistador ×70 · Trebuchet (Packed) ×1
Feudal
9:41
Castle
13:17
Imperial
27:46
| APM avg | 32.9 |
| APM peak | 80 |
| eAPM avg | 22.3 |
| Villagers / military | 151 / 312 |
Focus
⚔️ 36.2% · 🌾 63.8%
Knight ×302 · Monk ×5 · Trebuchet (Packed) ×3 · Mangonel ×2
Feudal
11:02
Castle
15:35
Imperial
33:23
| APM avg | 38.8 |
| APM peak | 77 |
| eAPM avg | 26.6 |
| Villagers / military | 212 / 154 |
Focus
⚔️ 33.5% · 🌾 66.5%
Rattan Archer ×74 · Battle Elephant ×63 · Trebuchet (Packed) ×17
Feudal
10:23
Castle
14:15
Imperial
—
| APM avg | 19.8 |
| APM peak | 40 |
| eAPM avg | 11.0 |
| Villagers / military | 131 / 16 |
Focus
⚔️ 17.6% · 🌾 82.4%
Mangonel ×6 · Knight ×4 · Scorpion ×4 · Battering Ram ×2
Match map
Initial resources + every placement click. Lines = walls · curves = elevation contours. ◆ gold · ⬟ stone · ● berries · ✦ relic · ◌ wall gap
Your base· Open — unwalled flank
CTM | chiwire's base· ✓ Closed at 23:39 · 1t walls · 4 gate(s)
thefacelessz23's base· ✓ Closed at 15:50 · 0t walls · 3 gate(s)
Durazno Nalgón's base· ✓ Closed at 24:33 · 0t walls · 2 gate(s)
juand400's base· ✓ Closed at 14:19 · 3t walls · 2 gate(s)
PSX | King's base· ✓ Closed at 13:17 · 0t walls · 3 gate(s)
J43SMALL's base· ✓ Closed at 15:35 · 0t walls · 3 gate(s)
CTM | Franco*'s base· ✓ Closed at 14:15 · 0t walls · 2 gate(s)
Smoothed initial terrain · ◌ = detected wall gap · hover for details
Inputs per minute
— Duke Nukem - - CTM | chiwire
Build order — Duke Nukem
First 150 of 378 actions detected
| 0:01 | Create | Villager (Male) |
| 0:01 | Create | Villager (Male) |
| 0:01 | Create | Villager (Male) |
| 0:02 | Build | House |
| 0:04 | Build | House |
| 0:27 | Create | Villager (Male) |
| 0:27 | Create | Villager (Male) |
| 0:27 | Create | Villager (Male) |
| 1:27 | Create | Villager (Male) |
| 1:54 | Build | Lumber Camp |
| 1:58 | Create | Villager (Male) |
| 1:58 | Create | Villager (Male) |
| 1:59 | Create | Villager (Male) |
| 2:26 | Create | Villager (Male) |
| 2:27 | Create | Villager (Male) |
| 3:16 | Create | Villager (Male) |
| 3:16 | Create | Villager (Male) |
| 3:34 | Build | House |
| 3:35 | Build | House |
| 3:36 | Build | House |
| 3:42 | Create | Villager (Male) |
| 3:42 | Create | Villager (Male) |
| 3:42 | Create | Villager (Male) |
| 4:26 | Create | Villager (Male) |
| 4:26 | Create | Villager (Male) |
| 4:42 | Build | Mill |
| 4:53 | Create | Villager (Male) |
| 4:53 | Create | Villager (Male) |
| 4:53 | Create | Villager (Male) |
| 5:18 | Create | Villager (Male) |
| 5:21 | Create | Villager (Male) |
| 5:45 | Create | Villager (Male) |
| 6:30 | Create | Villager (Male) |
| 7:05 | Create | Villager (Male) |
| 7:12 | Create | Villager (Male) |
| 7:24 | Create | Villager (Male) |
| 7:38 | Create | Villager (Male) |
| 8:26 | Build | Mining Camp |
| 8:30 | Research | Feudal Age |
| 8:45 | Create | Villager (Male) |
| 8:46 | Create | Villager (Male) |
| 9:20 | Build | Farm |
| 9:23 | Build | Farm |
| 9:26 | Build | Farm |
| 9:28 | Build | Farm |
| 10:56 | Age | Feudal Age |
| 10:59 | Build | Market |
| 11:02 | Build | Blacksmith |
| 11:33 | Build | House |
| 11:52 | Research | Castle Age |
| 11:54 | Research | Horse Collar |
| 12:00 | Build | Farm |
| 12:06 | Build | Farm |
| 12:14 | Research | Double-Bit Axe |
| 12:14 | Research | Double-Bit Axe |
| 12:14 | Research | Double-Bit Axe |
| 12:20 | Build | Farm |
| 14:32 | Age | Castle Age |
| 14:41 | Build | Town Center |
| 14:44 | Create | Villager (Male) |
| 14:44 | Create | Villager (Male) |
| 14:49 | Build | Town Center |
| 14:53 | Research | Bow Saw |
| 15:42 | Create | Villager (Male) |
| 15:43 | Create | Villager (Male) |
| 16:10 | Create | Villager (Male) |
| 16:10 | Create | Villager (Male) |
| 16:10 | Create | Villager (Male) |
| 16:12 | Create | Villager (Male) |
| 16:12 | Create | Villager (Male) |
| 16:12 | Create | Villager (Male) |
| 16:13 | Build | Farm |
| 16:18 | Build | Farm |
| 16:21 | Build | Farm |
| 16:24 | Build | Farm |
| 16:26 | Build | Farm |
| 16:30 | Build | Farm |
| 16:36 | Create | Villager (Male) |
| 16:37 | Create | Villager (Male) |
| 16:55 | Build | Monastery |
| 16:59 | Create | Villager (Male) |
| 17:06 | Create | Villager (Male) |
| 17:06 | Create | Villager (Male) |
| 17:10 | Build | Farm |
| 17:15 | Build | Farm |
| 17:20 | Build | House |
| 17:21 | Build | House |
| 17:22 | Build | House |
| 17:28 | Build | House |
| 17:30 | Build | House |
| 17:30 | Build | House |
| 17:31 | Build | House |
| 17:31 | Build | House |
| 17:33 | Create | Villager (Male) ×4 |
| 17:36 | Build | Farm |
| 17:44 | Build | Farm |
| 17:50 | Build | Farm |
| 17:53 | Create | Monk |
| 18:03 | Create | Villager (Male) |
| 18:06 | Build | Farm |
| 18:09 | Build | Farm |
| 18:12 | Build | Farm |
| 18:14 | Create | Villager (Male) |
| 18:15 | Create | Villager (Male) |
| 18:15 | Create | Villager (Male) |
| 18:18 | Build | Farm |
| 18:23 | Build | Farm |
| 18:29 | Build | Farm |
| 18:30 | Create | Villager (Male) |
| 18:31 | Create | Villager (Male) |
| 18:40 | Build | Farm |
| 18:41 | Build | Farm |
| 18:44 | Create | Villager (Male) |
| 18:44 | Create | Villager (Male) |
| 18:44 | Create | Villager (Male) |
| 18:54 | Build | Lumber Camp |
| 19:01 | Build | Farm |
| 19:18 | Create | Villager (Male) |
| 19:18 | Create | Villager (Male) |
| 19:19 | Create | Villager (Male) |
| 19:30 | Create | Villager (Male) |
| 19:31 | Create | Villager (Male) |
| 19:33 | Build | Town Center |
| 19:40 | Build | Town Center |
| 19:43 | Create | Villager (Male) |
| 19:43 | Create | Villager (Male) |
| 19:52 | Build | House |
| 19:52 | Build | House |
| 19:52 | Build | House |
| 19:53 | Build | House |
| 19:53 | Build | House |
| 19:53 | Build | House |
| 19:53 | Build | House |
| 19:53 | Build | House |
| 19:54 | Build | House |
| 19:58 | Create | Villager (Male) |
| 19:58 | Create | Villager (Male) |
| 19:58 | Create | Villager (Male) |
| 20:26 | Build | Farm |
| 20:27 | Build | Farm |
| 20:28 | Build | Farm |
| 20:29 | Build | Farm |
| 20:40 | Create | Villager (Male) |
| 20:41 | Create | Villager (Male) |
| 20:41 | Create | Villager (Male) |
| 20:43 | Research | Wheelbarrow |
| 20:54 | Create | Villager (Male) |
| 20:54 | Create | Villager (Male) |
| 20:54 | Create | Villager (Male) |
| 20:55 | Create | Villager (Male) |
Build order — CTM | chiwire
First 150 of 429 actions detected
| 0:03 | Build | House |
| 0:04 | Build | House |
| 0:04 | Create | Villager (Male) |
| 0:05 | Create | Villager (Male) |
| 0:05 | Create | Villager (Male) |
| 0:30 | Create | Villager (Male) |
| 0:30 | Create | Villager (Male) |
| 1:31 | Create | Villager (Male) |
| 1:31 | Create | Villager (Male) |
| 1:49 | Build | House |
| 1:50 | Build | Lumber Camp |
| 1:52 | Create | Villager (Male) |
| 1:52 | Create | Villager (Male) |
| 2:27 | Create | Villager (Male) |
| 2:27 | Create | Villager (Male) |
| 2:54 | Create | Villager (Male) |
| 3:17 | Create | Villager (Male) |
| 3:17 | Create | Villager (Male) |
| 3:49 | Create | Villager (Male) |
| 3:56 | Create | Villager (Male) |
| 4:26 | Create | Villager (Male) |
| 4:26 | Create | Villager (Male) |
| 4:59 | Create | Villager (Male) |
| 4:59 | Create | Villager (Male) |
| 5:10 | Build | Mill |
| 5:38 | Create | Villager (Male) |
| 6:07 | Create | Villager (Male) |
| 6:50 | Research | Loom |
| 7:00 | Research | Feudal Age |
| 7:19 | Build | Mining Camp |
| 7:35 | Build | House |
| 7:56 | Build | Barracks |
| 8:43 | Create | Villager (Male) |
| 9:04 | Build | House |
| 9:25 | Age | Feudal Age |
| 9:26 | Research | Double-Bit Axe |
| 9:31 | Build | Archery Range |
| 9:53 | Create | Villager (Male) |
| 10:07 | Create | Villager (Male) |
| 10:19 | Build | Archery Range |
| 10:24 | Build | House |
| 10:29 | Create | Archer |
| 10:29 | Create | Archer |
| 10:39 | Create | Archer |
| 10:43 | Create | Villager (Male) |
| 10:47 | Create | Archer |
| 11:04 | Create | Archer |
| 11:07 | Create | Villager (Male) |
| 11:14 | Build | House |
| 11:15 | Build | House |
| 11:19 | Create | Villager (Male) |
| 11:34 | Create | Archer |
| 11:44 | Create | Villager (Male) |
| 11:48 | Build | Blacksmith |
| 12:01 | Create | Archer |
| 12:03 | Create | Archer |
| 12:05 | Create | Villager (Male) |
| 12:23 | Create | Archer |
| 12:23 | Create | Archer |
| 12:32 | Build | House |
| 12:34 | Research | Fletching |
| 12:35 | Research | Padded Archer Armor |
| 12:37 | Create | Archer |
| 12:59 | Create | Villager (Male) |
| 13:25 | Create | Archer |
| 13:28 | Create | Villager (Male) |
| 13:32 | Build | House |
| 13:34 | Build | House |
| 13:58 | Create | Archer |
| 14:03 | Build | Farm |
| 14:03 | Build | Farm |
| 14:04 | Build | Farm |
| 14:07 | Create | Villager (Male) |
| 14:09 | Create | Archer |
| 14:09 | Create | Archer |
| 14:30 | Create | Archer |
| 14:30 | Create | Archer |
| 14:33 | Create | Archer |
| 14:35 | Create | Villager (Male) |
| 14:40 | Build | Farm |
| 14:47 | Build | Farm |
| 14:47 | Build | Farm |
| 15:08 | Create | Archer |
| 15:08 | Create | Archer |
| 15:23 | Create | Archer |
| 15:23 | Create | Archer |
| 15:24 | Create | Villager (Male) |
| 15:50 | Create | Archer |
| 15:50 | Create | Archer |
| 15:51 | Create | Villager (Male) |
| 15:51 | Create | Villager (Male) |
| 16:14 | Create | Archer |
| 16:14 | Create | Archer |
| 16:24 | Create | Villager (Male) |
| 16:24 | Create | Villager (Male) |
| 16:29 | Build | Farm |
| 16:29 | Build | Farm |
| 16:29 | Build | Farm |
| 16:29 | Build | Farm |
| 16:29 | Build | Farm |
| 16:29 | Build | Farm |
| 16:30 | Build | Farm |
| 16:33 | Create | Villager (Male) |
| 16:33 | Create | Villager (Male) |
| 16:50 | Create | Archer |
| 16:50 | Create | Archer |
| 17:09 | Create | Archer |
| 17:09 | Create | Archer |
| 17:10 | Create | Archer |
| 17:23 | Create | Villager (Male) |
| 17:23 | Create | Villager (Male) |
| 17:48 | Create | Villager (Male) |
| 18:00 | Build | Market |
| 18:05 | Build | Farm |
| 18:06 | Build | Farm |
| 18:06 | Build | Farm |
| 18:44 | Create | Villager (Male) |
| 18:44 | Create | Villager (Male) |
| 18:45 | Create | Archer |
| 18:46 | Create | Archer |
| 18:53 | Create | Villager (Male) |
| 19:52 | Create | Villager (Male) |
| 19:55 | Create | Archer |
| 19:55 | Create | Archer |
| 20:00 | Research | Horse Collar |
| 20:03 | Build | Farm |
| 20:12 | Build | House |
| 20:14 | Build | House |
| 20:17 | Build | House |
| 20:18 | Build | House |
| 20:20 | Create | Villager (Male) |
| 20:39 | Build | Gate |
| 20:56 | Research | Castle Age |
| 21:01 | Create | Archer |
| 21:01 | Create | Archer |
| 21:08 | Build | Stone Wall |
| 21:35 | Create | Archer |
| 21:35 | Create | Archer |
| 21:44 | Build | Watch Tower |
| 21:50 | Build | Mining Camp |
| 22:06 | Create | Villager (Male) |
| 22:07 | Create | Villager (Male) |
| 22:11 | Create | Archer |
| 22:12 | Create | Archer |
| 22:34 | Create | Archer |
| 22:34 | Create | Archer |
| 23:24 | Build | Watch Tower |
| 23:39 | Age | Castle Age |
| 23:48 | Research | Crossbowman (upgrade) |
| 24:32 | Create | Archer |
Build order — thefacelessz23
First 150 of 411 actions detected
| 0:05 | Build | House |
| 0:05 | Create | Villager (Male) |
| 0:06 | Create | Villager (Male) |
| 0:07 | Build | House |
| 0:24 | Create | Villager (Male) |
| 0:25 | Create | Villager (Male) |
| 1:16 | Create | Villager (Male) |
| 1:44 | Create | Villager (Male) |
| 1:54 | Build | Mining Camp |
| 2:21 | Create | Villager (Male) |
| 2:35 | Create | Villager (Male) |
| 2:42 | Build | Mining Camp |
| 2:54 | Create | Villager (Male) |
| 3:21 | Create | Villager (Male) |
| 3:37 | Create | Villager (Male) |
| 3:53 | Build | House |
| 3:54 | Build | House |
| 4:17 | Create | Villager (Male) |
| 4:18 | Create | Villager (Male) |
| 4:26 | Build | House |
| 4:50 | Create | Villager (Male) |
| 5:24 | Create | Villager (Male) |
| 5:32 | Build | Lumber Camp |
| 5:49 | Create | Villager (Male) |
| 5:58 | Create | Villager (Male) |
| 6:34 | Create | Villager (Male) |
| 6:56 | Create | Villager (Male) |
| 7:12 | Create | Villager (Male) |
| 7:14 | Build | Mill |
| 8:02 | Create | Villager (Male) |
| 8:27 | Create | Villager (Male) |
| 9:08 | Create | Villager (Male) |
| 9:14 | Build | Farm |
| 9:18 | Build | Farm |
| 9:22 | Build | Farm |
| 9:45 | Research | Feudal Age |
| 10:43 | Create | Villager (Male) |
| 10:48 | Build | House |
| 10:49 | Build | House |
| 11:52 | Create | Villager (Male) |
| 11:55 | Age | Feudal Age |
| 11:57 | Build | Blacksmith |
| 12:01 | Build | Market |
| 12:06 | Create | Villager (Male) |
| 12:52 | Build | Lumber Camp |
| 13:02 | Research | Castle Age |
| 13:40 | Research | Double-Bit Axe |
| 14:55 | Research | Horse Collar |
| 14:59 | Create | Villager (Male) |
| 15:10 | Build | House |
| 15:11 | Build | House |
| 15:46 | Build | Farm |
| 15:50 | Age | Castle Age |
| 15:55 | Build | Siege Workshop |
| 15:58 | Build | Castle |
| 16:11 | Create | Villager (Male) |
| 16:12 | Build | Farm |
| 16:21 | Research | Gold Mining |
| 16:26 | Create | Villager (Male) |
| 16:48 | Create | Battering Ram |
| 16:49 | Create | Battering Ram |
| 17:02 | Create | Villager (Male) |
| 17:20 | Create | Samurai |
| 17:20 | Create | Samurai |
| 17:21 | Create | Petard |
| 17:21 | Create | Petard |
| 17:21 | Create | Samurai |
| 17:41 | Create | Villager (Male) |
| 17:52 | Build | Farm |
| 17:52 | Build | Farm |
| 17:52 | Build | Farm |
| 17:52 | Build | Farm |
| 17:53 | Build | Farm |
| 17:53 | Build | Farm |
| 17:57 | Create | Petard |
| 17:57 | Create | Samurai |
| 18:07 | Build | Farm |
| 18:07 | Build | Farm |
| 18:07 | Build | Farm |
| 18:15 | Create | Villager (Male) |
| 18:16 | Create | Samurai |
| 18:19 | Create | Samurai |
| 18:23 | Create | Battering Ram |
| 18:36 | Build | Farm |
| 18:41 | Create | Samurai |
| 19:01 | Create | Samurai |
| 19:09 | Create | Samurai |
| 19:18 | Build | Town Center |
| 19:24 | Create | Villager (Male) |
| 19:29 | Build | Farm |
| 19:32 | Create | Samurai |
| 19:41 | Create | Samurai |
| 19:42 | Create | Villager (Male) |
| 19:44 | Research | Loom |
| 20:13 | Create | Samurai |
| 20:13 | Create | Samurai |
| 20:31 | Create | Samurai |
| 20:34 | Create | Samurai |
| 20:35 | Create | Villager (Male) |
| 20:42 | Create | Villager (Male) |
| 20:42 | Create | Villager (Male) |
| 21:24 | Create | Samurai |
| 21:29 | Create | Unit 1105 |
| 21:42 | Create | Battering Ram |
| 21:52 | Create | Villager (Male) |
| 21:58 | Create | Samurai |
| 21:59 | Create | Samurai |
| 22:00 | Create | Villager (Male) |
| 22:07 | Create | Samurai |
| 22:14 | Create | Samurai |
| 22:20 | Build | Farm |
| 22:20 | Build | Farm |
| 22:21 | Create | Villager (Male) |
| 22:24 | Build | Farm |
| 22:25 | Build | Farm |
| 22:25 | Build | Farm |
| 22:29 | Build | Farm |
| 22:35 | Create | Villager (Male) |
| 22:40 | Build | Farm |
| 22:54 | Create | Samurai |
| 22:54 | Create | Samurai |
| 23:02 | Create | Battering Ram |
| 23:29 | Create | Samurai |
| 23:29 | Create | Samurai |
| 23:31 | Create | Samurai |
| 23:40 | Create | Samurai |
| 23:41 | Create | Samurai |
| 23:54 | Create | Samurai |
| 23:54 | Create | Samurai |
| 23:59 | Create | Villager (Male) |
| 24:02 | Build | Farm |
| 24:02 | Build | Farm |
| 24:04 | Create | Villager (Male) |
| 24:04 | Create | Villager (Male) |
| 24:15 | Create | Samurai |
| 24:21 | Build | Gate |
| 24:24 | Build | House |
| 24:25 | Build | House |
| 24:25 | Build | House |
| 24:33 | Create | Samurai |
| 24:33 | Create | Samurai |
| 24:50 | Create | Samurai |
| 24:54 | Create | Villager (Male) |
| 25:42 | Create | Samurai |
| 25:52 | Create | Samurai |
| 25:52 | Create | Samurai |
| 25:58 | Create | Battering Ram |
| 26:02 | Create | Villager (Male) |
| 26:15 | Create | Villager (Male) |
| 26:18 | Create | Villager (Male) |
Build order — Durazno Nalgón
First 150 of 430 actions detected
| 0:01 | Create | Villager (Male) ×4 |
| 0:02 | Build | House |
| 0:03 | Build | House |
| 1:33 | Create | Villager (Male) |
| 1:52 | Create | Villager (Male) |
| 2:15 | Create | Villager (Male) |
| 2:22 | Build | House |
| 2:23 | Build | House |
| 2:40 | Build | Lumber Camp |
| 2:45 | Create | Villager (Male) |
| 3:22 | Create | Villager (Male) |
| 3:38 | Create | Villager (Male) |
| 3:56 | Create | Villager (Male) |
| 4:01 | Create | Villager (Male) |
| 4:59 | Create | Villager (Male) |
| 5:00 | Create | Villager (Male) |
| 5:39 | Create | Villager (Male) |
| 5:40 | Create | Villager (Male) |
| 6:36 | Create | Villager (Male) |
| 7:00 | Create | Villager (Male) |
| 7:10 | Build | Mining Camp |
| 7:28 | Create | Villager (Male) |
| 7:58 | Research | Feudal Age |
| 8:40 | Build | Lumber Camp |
| 8:50 | Build | Mill |
| 9:43 | Create | Villager (Male) |
| 9:43 | Create | Villager (Male) |
| 10:01 | Build | House |
| 10:08 | Age | Feudal Age |
| 10:12 | Build | Blacksmith |
| 10:18 | Research | Double-Bit Axe |
| 10:42 | Build | Siege Workshop |
| 10:49 | Build | House |
| 10:53 | Create | Villager (Male) |
| 11:21 | Create | Villager (Male) |
| 11:29 | Create | Battering Ram |
| 11:31 | Create | Battering Ram |
| 11:55 | Create | Villager (Male) |
| 12:03 | Build | House |
| 12:08 | Create | Battering Ram |
| 12:24 | Create | Battering Ram |
| 12:30 | Create | Villager (Male) |
| 12:40 | Build | House |
| 12:59 | Build | Farm |
| 13:16 | Build | House |
| 13:17 | Create | Villager (Male) |
| 13:32 | Create | Battering Ram |
| 13:45 | Create | Villager (Male) |
| 13:49 | Build | Farm |
| 13:51 | Build | Farm |
| 14:13 | Create | Villager (Male) |
| 14:27 | Create | Battering Ram |
| 14:31 | Build | House |
| 14:34 | Build | House |
| 14:36 | Create | Villager (Male) |
| 14:40 | Build | Farm |
| 14:42 | Build | Farm |
| 15:00 | Create | Battering Ram |
| 15:11 | Create | Villager (Male) |
| 15:18 | Research | Loom |
| 15:45 | Create | Villager (Male) |
| 15:46 | Create | Battering Ram |
| 15:56 | Research | Horse Collar |
| 15:59 | Build | Farm |
| 16:01 | Build | Farm |
| 16:27 | Create | Battering Ram |
| 16:45 | Create | Villager (Male) |
| 17:01 | Build | House |
| 17:04 | Create | Villager (Male) |
| 17:05 | Create | Battering Ram |
| 17:43 | Create | Villager (Male) |
| 17:55 | Create | Villager (Male) |
| 18:06 | Build | Town Center |
| 18:32 | Create | Villager (Male) |
| 18:50 | Create | Villager (Male) |
| 18:52 | Build | Farm |
| 18:55 | Build | Farm |
| 18:56 | Build | Farm |
| 18:56 | Build | Farm |
| 18:57 | Build | Farm |
| 18:57 | Create | Villager (Male) |
| 19:01 | Build | Outpost |
| 19:02 | Build | Outpost |
| 19:23 | Create | Villager (Male) |
| 19:51 | Create | Villager (Male) |
| 20:00 | Build | Farm |
| 20:00 | Build | Farm |
| 20:00 | Build | Farm |
| 20:01 | Build | Farm |
| 20:01 | Build | Farm |
| 20:15 | Create | Villager (Male) |
| 20:18 | Build | Farm |
| 20:19 | Build | Farm |
| 20:20 | Build | Farm |
| 20:20 | Build | Farm |
| 20:20 | Build | Farm |
| 20:23 | Create | Villager (Male) |
| 20:36 | Create | Villager (Male) |
| 20:38 | Build | Farm |
| 20:53 | Create | Villager (Male) |
| 21:04 | Create | Villager (Male) |
| 21:15 | Create | Villager (Male) |
| 21:19 | Create | Villager (Male) |
| 21:31 | Build | Market |
| 21:46 | Research | Castle Age |
| 22:27 | Build | Barracks |
| 22:29 | Create | Villager (Male) |
| 22:30 | Create | Villager (Male) |
| 23:06 | Build | Barracks |
| 23:26 | Build | Barracks |
| 23:35 | Build | House |
| 23:36 | Build | House |
| 23:37 | Build | House |
| 23:47 | Create | Villager (Male) |
| 23:47 | Create | Villager (Male) |
| 23:48 | Create | Villager (Male) |
| 23:51 | Research | Scale Mail Armor |
| 23:52 | Research | Forging |
| 23:57 | Research | Arson |
| 24:06 | Build | Farm |
| 24:09 | Build | Farm |
| 24:11 | Build | Farm |
| 24:11 | Build | Farm |
| 24:12 | Build | Farm |
| 24:13 | Create | Villager (Male) |
| 24:17 | Research | Wheelbarrow |
| 24:33 | Age | Castle Age |
| 24:42 | Research | Pikeman (upgrade) |
| 24:42 | Create | Spearman |
| 24:42 | Create | Spearman |
| 24:46 | Research | Squires |
| 24:55 | Create | Villager (Male) |
| 24:55 | Create | Villager (Male) |
| 25:03 | Research | Bow Saw |
| 25:07 | Create | Villager (Male) |
| 25:13 | Build | Farm |
| 25:23 | Build | Farm |
| 25:29 | Create | Villager (Male) |
| 25:32 | Create | Spearman |
| 25:32 | Create | Spearman |
| 25:49 | Build | Town Center |
| 26:04 | Build | Farm |
| 26:05 | Build | Farm |
| 26:05 | Build | Farm |
| 26:05 | Build | Farm |
| 26:05 | Build | Farm |
| 26:12 | Build | House |
| 26:14 | Build | House |
| 26:17 | Create | Villager (Male) |
| 26:18 | Create | Villager (Male) |
Build order — juand400
First 150 of 256 actions detected
| 0:01 | Create | Villager (Male) |
| 0:02 | Create | Villager (Male) |
| 0:03 | Build | House |
| 0:04 | Build | House |
| 0:11 | Create | Villager (Male) |
| 0:11 | Create | Villager (Male) |
| 1:34 | Create | Villager (Male) |
| 1:55 | Build | Lumber Camp |
| 2:00 | Create | Villager (Male) |
| 2:25 | Create | Villager (Male) |
| 2:48 | Build | House |
| 2:49 | Build | House |
| 2:54 | Create | Villager (Male) |
| 3:19 | Create | Villager (Male) |
| 3:35 | Create | Villager (Male) |
| 4:00 | Create | Villager (Male) |
| 4:23 | Create | Villager (Male) |
| 4:23 | Create | Villager (Male) |
| 4:23 | Create | Villager (Male) |
| 4:53 | Create | Villager (Male) |
| 5:49 | Create | Villager (Male) |
| 6:22 | Build | Mill |
| 6:34 | Create | Villager (Male) |
| 6:34 | Create | Villager (Male) |
| 7:13 | Create | Villager (Male) |
| 7:33 | Create | Villager (Male) |
| 7:33 | Create | Villager (Male) |
| 8:19 | Build | Mining Camp |
| 8:37 | Research | Feudal Age |
| 9:02 | Build | House |
| 9:27 | Create | Villager (Male) |
| 9:27 | Create | Villager (Male) |
| 10:49 | Age | Feudal Age |
| 10:51 | Build | Market |
| 10:58 | Build | Blacksmith |
| 11:19 | Build | Mining Camp |
| 11:34 | Research | Castle Age |
| 11:38 | Research | Double-Bit Axe |
| 12:09 | Build | House |
| 12:13 | Research | Horse Collar |
| 12:42 | Build | House |
| 13:08 | Create | Villager (Male) |
| 13:12 | Build | Farm |
| 13:15 | Build | Farm |
| 13:56 | Build | Stone Wall |
| 14:15 | Build | Lumber Camp |
| 14:19 | Age | Castle Age |
| 14:22 | Build | House |
| 14:30 | Research | Loom |
| 15:07 | Build | Castle |
| 15:45 | Create | Conquistador |
| 16:04 | Create | Conquistador |
| 16:17 | Create | Conquistador |
| 18:19 | Build | Town Center |
| 19:20 | Build | Farm |
| 19:21 | Build | Farm |
| 19:22 | Build | Farm |
| 19:22 | Build | Farm |
| 20:35 | Create | Villager (Male) |
| 20:37 | Build | Farm |
| 20:39 | Build | Farm |
| 20:41 | Build | Farm |
| 21:12 | Build | Gate |
| 21:37 | Create | Villager (Male) |
| 21:39 | Create | Villager (Male) |
| 21:44 | Build | Farm |
| 21:45 | Build | Farm |
| 21:59 | Create | Conquistador |
| 22:31 | Create | Conquistador |
| 22:57 | Create | Conquistador |
| 23:29 | Create | Conquistador |
| 23:57 | Create | Conquistador |
| 24:28 | Create | Conquistador |
| 24:29 | Create | Villager (Male) |
| 24:39 | Build | Town Center |
| 24:47 | Create | Villager (Male) |
| 25:11 | Create | Conquistador |
| 25:48 | Create | Conquistador |
| 26:15 | Create | Villager (Male) |
| 26:34 | Create | Conquistador |
| 26:36 | Create | Villager (Male) |
| 27:17 | Create | Villager (Male) |
| 27:18 | Create | Conquistador |
| 27:53 | Create | Conquistador |
| 28:11 | Create | Conquistador |
| 28:24 | Build | Farm |
| 28:25 | Build | Farm |
| 28:26 | Build | Farm |
| 28:27 | Build | Farm |
| 28:43 | Create | Conquistador |
| 28:53 | Create | Villager (Male) |
| 29:12 | Create | Conquistador |
| 29:30 | Create | Villager (Male) |
| 29:38 | Create | Conquistador |
| 29:57 | Create | Conquistador |
| 30:09 | Create | Conquistador |
| 30:27 | Create | Villager (Male) |
| 31:07 | Create | Conquistador |
| 31:09 | Create | Villager (Male) |
| 31:09 | Create | Villager (Male) |
| 31:26 | Create | Villager (Male) |
| 31:26 | Create | Villager (Male) |
| 31:47 | Create | Conquistador |
| 31:48 | Create | Villager (Male) |
| 31:48 | Create | Villager (Male) |
| 32:04 | Build | House |
| 32:05 | Build | House |
| 32:05 | Build | House |
| 32:05 | Build | House |
| 32:06 | Build | House |
| 32:06 | Build | House |
| 32:10 | Create | Villager (Male) |
| 32:10 | Create | Conquistador |
| 32:27 | Build | Farm |
| 32:39 | Create | Conquistador |
| 32:40 | Create | Villager (Male) |
| 32:40 | Create | Villager (Male) |
| 32:44 | Build | Farm |
| 32:45 | Build | Farm |
| 32:46 | Build | Farm |
| 32:46 | Build | Farm |
| 32:47 | Build | Farm |
| 32:55 | Create | Conquistador |
| 33:22 | Create | Conquistador |
| 33:22 | Create | Conquistador |
| 33:25 | Create | Villager (Male) |
| 33:25 | Create | Villager (Male) |
| 33:30 | Build | Farm |
| 33:33 | Build | Farm |
| 33:34 | Build | Farm |
| 33:35 | Create | Villager (Male) |
| 33:36 | Create | Villager (Male) |
| 33:52 | Create | Villager (Male) |
| 33:53 | Create | Conquistador |
| 34:05 | Create | Conquistador |
| 34:16 | Create | Villager (Male) |
| 34:42 | Create | Villager (Male) |
| 34:44 | Research | Wheelbarrow |
| 34:52 | Create | Villager (Male) |
| 34:56 | Build | Farm |
| 34:59 | Build | Farm |
| 35:01 | Build | Farm |
| 35:05 | Build | Farm |
| 35:08 | Build | Farm |
| 35:13 | Build | Farm |
| 35:14 | Create | Villager (Male) |
| 35:15 | Create | Villager (Male) |
| 35:27 | Create | Conquistador |
| 35:28 | Create | Villager (Male) |
| 35:43 | Build | Farm |
Build order — PSX | King
First 150 of 462 actions detected
| 0:01 | Create | Villager (Male) |
| 0:02 | Create | Villager (Male) |
| 0:02 | Create | Villager (Male) |
| 0:03 | Build | House |
| 0:04 | Build | House |
| 0:13 | Create | Villager (Male) |
| 0:14 | Create | Villager (Male) |
| 0:14 | Create | Villager (Male) |
| 1:22 | Create | Villager (Male) |
| 1:22 | Create | Villager (Male) |
| 2:01 | Create | Villager (Male) |
| 2:01 | Create | Villager (Male) |
| 2:15 | Build | Lumber Camp |
| 2:23 | Create | Villager (Male) |
| 2:23 | Create | Villager (Male) |
| 3:01 | Create | Villager (Male) |
| 3:33 | Create | Villager (Male) |
| 3:40 | Build | House |
| 3:41 | Build | House |
| 3:57 | Create | Villager (Male) |
| 3:59 | Create | Villager (Male) |
| 4:38 | Create | Villager (Male) |
| 4:38 | Create | Villager (Male) |
| 4:49 | Build | House |
| 4:53 | Build | House |
| 4:56 | Build | House |
| 5:11 | Build | Mill |
| 6:30 | Create | Villager (Male) |
| 6:47 | Build | Mining Camp |
| 6:54 | Create | Villager (Male) |
| 7:30 | Research | Feudal Age |
| 8:01 | Create | Villager (Male) |
| 8:01 | Create | Villager (Male) |
| 9:41 | Age | Feudal Age |
| 9:43 | Build | Market |
| 9:50 | Build | Blacksmith |
| 10:37 | Research | Castle Age |
| 10:50 | Build | Farm |
| 10:53 | Build | Farm |
| 11:19 | Create | Villager (Male) |
| 11:23 | Research | Double-Bit Axe |
| 11:24 | Research | Double-Bit Axe |
| 11:44 | Research | Horse Collar |
| 12:30 | Create | Villager (Male) |
| 12:31 | Create | Villager (Male) |
| 13:17 | Age | Castle Age |
| 13:19 | Build | Monastery |
| 13:29 | Create | Villager (Male) |
| 13:50 | Build | Town Center |
| 13:52 | Create | Villager (Male) |
| 14:09 | Create | Monk |
| 14:10 | Build | House |
| 14:14 | Create | Villager (Male) |
| 14:36 | Create | Villager (Male) |
| 14:36 | Create | Villager (Male) |
| 14:39 | Build | Farm |
| 14:40 | Build | Farm |
| 14:49 | Create | Villager (Male) |
| 14:50 | Create | Monk |
| 15:02 | Build | House |
| 15:10 | Create | Villager (Male) |
| 15:10 | Create | Villager (Male) |
| 15:13 | Build | Farm |
| 15:17 | Build | Farm |
| 15:22 | Create | Villager (Male) |
| 15:22 | Create | Villager (Male) |
| 15:29 | Create | Monk |
| 15:41 | Build | House |
| 15:50 | Build | Farm |
| 15:53 | Build | Farm |
| 15:55 | Build | Farm |
| 16:00 | Create | Villager (Male) |
| 16:01 | Create | Villager (Male) |
| 16:06 | Build | Farm |
| 16:11 | Build | House |
| 16:22 | Build | Farm |
| 16:23 | Create | Villager (Male) |
| 16:23 | Create | Villager (Male) |
| 16:31 | Build | Farm |
| 16:34 | Build | Farm |
| 16:39 | Build | Farm |
| 16:40 | Create | Villager (Male) |
| 16:40 | Create | Villager (Male) |
| 16:44 | Build | Farm |
| 16:51 | Build | House |
| 16:57 | Create | Villager (Male) |
| 16:58 | Create | Villager (Male) |
| 17:06 | Build | Farm |
| 17:11 | Create | Monk |
| 17:19 | Create | Villager (Male) |
| 17:19 | Create | Villager (Male) |
| 17:31 | Build | House |
| 17:35 | Create | Villager (Male) |
| 17:42 | Build | Town Center |
| 17:55 | Build | House |
| 18:03 | Create | Villager (Male) |
| 18:03 | Create | Villager (Male) |
| 18:22 | Create | Villager (Male) |
| 18:23 | Create | Villager (Male) |
| 18:27 | Build | Farm |
| 18:29 | Build | Farm |
| 18:31 | Build | House |
| 18:43 | Create | Monk |
| 18:45 | Create | Villager (Male) |
| 18:45 | Create | Villager (Male) |
| 18:45 | Create | Villager (Male) |
| 18:50 | Build | Farm |
| 19:00 | Create | Villager (Male) |
| 19:02 | Build | House |
| 19:03 | Build | House |
| 19:07 | Create | Villager (Male) |
| 19:07 | Create | Villager (Male) |
| 19:08 | Create | Villager (Male) |
| 19:08 | Create | Villager (Male) |
| 19:13 | Build | Farm |
| 19:15 | Build | Farm |
| 19:17 | Build | Farm |
| 19:19 | Build | Farm |
| 19:21 | Build | Farm |
| 19:22 | Create | Villager (Male) |
| 19:23 | Create | Villager (Male) |
| 19:56 | Research | Wheelbarrow |
| 20:09 | Build | House |
| 20:10 | Build | House |
| 20:11 | Create | Villager (Male) |
| 20:11 | Create | Villager (Male) |
| 20:12 | Create | Villager (Male) |
| 20:12 | Create | Villager (Male) |
| 20:19 | Build | Farm |
| 20:20 | Build | Farm |
| 20:27 | Build | Siege Workshop |
| 20:37 | Create | Villager (Male) |
| 20:37 | Create | Villager (Male) |
| 20:44 | Research | Bow Saw |
| 20:45 | Research | Heavy Plow |
| 20:53 | Build | Mining Camp |
| 21:06 | Create | Villager (Male) |
| 21:06 | Create | Villager (Male) |
| 21:12 | Build | House |
| 21:26 | Create | Villager (Male) |
| 21:26 | Create | Villager (Male) |
| 21:37 | Create | Villager (Male) |
| 21:44 | Build | Lumber Camp |
| 21:47 | Build | House |
| 21:47 | Build | House |
| 21:51 | Create | Mangonel |
| 22:03 | Create | Villager (Male) |
| 22:03 | Create | Villager (Male) |
| 22:20 | Create | Villager (Male) |
| 22:21 | Create | Villager (Male) |
Build order — J43SMALL
First 150 of 574 actions detected
| 0:01 | Create | Villager (Male) |
| 0:01 | Create | Villager (Male) |
| 0:02 | Create | Villager (Male) |
| 0:02 | Create | Villager (Male) |
| 0:02 | Create | Villager (Male) |
| 0:03 | Build | House |
| 0:05 | Build | House |
| 1:25 | Create | Villager (Male) |
| 1:25 | Create | Villager (Male) |
| 1:53 | Create | Villager (Male) |
| 1:53 | Create | Villager (Male) |
| 2:08 | Build | Lumber Camp |
| 2:20 | Create | Villager (Male) |
| 2:21 | Create | Villager (Male) |
| 2:35 | Create | Villager (Male) |
| 2:36 | Create | Villager (Male) |
| 3:01 | Build | House |
| 3:16 | Create | Villager (Male) |
| 3:16 | Create | Villager (Male) |
| 3:45 | Build | House |
| 3:50 | Create | Villager (Male) |
| 3:51 | Create | Villager (Male) |
| 3:51 | Create | Villager (Male) |
| 4:27 | Build | Mill |
| 4:42 | Create | Villager (Male) |
| 4:42 | Create | Villager (Male) |
| 4:42 | Create | Villager (Male) |
| 5:13 | Create | Villager (Male) |
| 5:14 | Create | Villager (Male) |
| 5:33 | Create | Villager (Male) |
| 5:33 | Create | Villager (Male) |
| 5:54 | Create | Villager (Male) |
| 6:18 | Create | Villager (Male) |
| 6:39 | Build | Lumber Camp |
| 6:40 | Create | Villager (Male) |
| 6:40 | Create | Villager (Male) |
| 6:55 | Create | Villager (Male) |
| 6:55 | Create | Villager (Male) |
| 7:03 | Create | Villager (Male) |
| 7:03 | Create | Villager (Male) |
| 7:12 | Create | Villager (Male) |
| 7:12 | Create | Villager (Male) |
| 7:13 | Create | Villager (Male) |
| 7:14 | Create | Villager (Male) |
| 7:24 | Build | House |
| 7:31 | Create | Villager (Male) |
| 7:31 | Create | Villager (Male) |
| 7:40 | Build | Mining Camp |
| 7:54 | Create | Villager (Male) |
| 7:54 | Create | Villager (Male) |
| 8:01 | Build | House |
| 8:06 | Create | Villager (Male) |
| 8:06 | Create | Villager (Male) |
| 8:07 | Create | Villager (Male) |
| 8:16 | Create | Villager (Male) |
| 8:35 | Build | Farm |
| 8:39 | Build | Farm |
| 8:40 | Create | Villager (Male) |
| 8:44 | Create | Villager (Male) |
| 8:44 | Create | Villager (Male) |
| 8:50 | Research | Feudal Age |
| 10:20 | Build | Barracks |
| 11:02 | Age | Feudal Age |
| 11:05 | Create | Villager (Male) |
| 11:05 | Create | Villager (Male) |
| 11:11 | Build | Market |
| 11:20 | Build | Blacksmith |
| 11:36 | Build | Stable |
| 11:51 | Create | Villager (Male) |
| 12:21 | Create | Villager (Male) |
| 12:28 | Build | Farm |
| 12:45 | Build | Farm |
| 12:55 | Research | Castle Age |
| 12:56 | Research | Castle Age |
| 13:21 | Build | Farm |
| 13:25 | Build | Farm |
| 14:09 | Build | Stable |
| 14:45 | Create | Villager (Male) |
| 14:49 | Build | House |
| 15:05 | Build | Farm |
| 15:11 | Build | Farm |
| 15:24 | Research | Bloodlines |
| 15:25 | Research | Bloodlines |
| 15:33 | Build | Farm |
| 15:35 | Age | Castle Age |
| 15:41 | Create | Battle Elephant |
| 15:41 | Create | Battle Elephant |
| 15:41 | Create | Battle Elephant |
| 15:48 | Build | Farm |
| 15:57 | Create | Battle Elephant |
| 15:58 | Create | Battle Elephant |
| 16:01 | Create | Villager (Male) |
| 16:01 | Create | Villager (Male) |
| 16:06 | Build | Farm |
| 16:10 | Build | Farm |
| 16:31 | Create | Battle Elephant |
| 16:53 | Create | Battle Elephant |
| 17:01 | Build | Town Center |
| 17:58 | Create | Villager (Male) |
| 17:58 | Create | Villager (Male) |
| 17:58 | Create | Villager (Male) |
| 17:58 | Create | Villager (Male) |
| 17:59 | Create | Villager (Male) |
| 17:59 | Create | Villager (Male) |
| 18:01 | Build | Farm |
| 18:15 | Create | Villager (Male) |
| 18:22 | Create | Battle Elephant |
| 18:37 | Create | Villager (Male) |
| 18:39 | Create | Villager (Male) |
| 18:41 | Create | Villager (Male) |
| 18:42 | Create | Villager (Male) |
| 19:21 | Create | Villager (Male) |
| 19:21 | Create | Villager (Male) |
| 19:22 | Create | Villager (Male) |
| 19:22 | Create | Villager (Male) |
| 19:29 | Build | Farm |
| 19:43 | Create | Villager (Male) |
| 19:44 | Create | Villager (Male) |
| 20:11 | Create | Villager (Male) |
| 20:15 | Build | House |
| 20:24 | Research | Wheelbarrow |
| 20:24 | Research | Wheelbarrow |
| 20:27 | Research | Double-Bit Axe |
| 20:28 | Research | Double-Bit Axe |
| 20:30 | Create | Villager (Male) |
| 20:52 | Build | House |
| 20:52 | Build | House |
| 20:52 | Build | House |
| 20:56 | Create | Villager (Male) |
| 20:57 | Create | Villager (Male) |
| 21:08 | Create | Villager (Male) |
| 21:08 | Create | Villager (Male) |
| 21:22 | Build | Lumber Camp |
| 21:28 | Build | Town Center |
| 21:31 | Create | Villager (Male) |
| 21:32 | Build | Farm |
| 21:33 | Create | Villager (Male) |
| 21:33 | Create | Villager (Male) |
| 22:00 | Build | Monastery |
| 22:04 | Build | House |
| 22:05 | Build | House |
| 22:06 | Create | Villager (Male) |
| 22:07 | Create | Villager (Male) |
| 22:08 | Create | Villager (Male) |
| 22:34 | Create | Villager (Male) |
| 22:36 | Create | Villager (Male) |
| 22:39 | Create | Villager (Male) |
| 22:53 | Build | Farm |
| 22:54 | Build | Farm |
| 22:55 | Build | Farm |
Build order — CTM | Franco*
First 150 of 240 actions detected
| 0:02 | Create | Villager (Male) |
| 0:02 | Create | Villager (Male) |
| 0:02 | Create | Villager (Male) |
| 0:03 | Create | Villager (Male) |
| 0:03 | Create | Villager (Male) |
| 0:06 | Build | House |
| 0:09 | Build | House |
| 1:34 | Create | Villager (Male) |
| 1:35 | Create | Villager (Male) |
| 2:01 | Build | Lumber Camp |
| 2:02 | Create | Villager (Male) |
| 2:03 | Create | Villager (Male) |
| 2:22 | Build | House |
| 2:23 | Build | House |
| 2:42 | Create | Villager (Male) |
| 2:43 | Create | Villager (Male) |
| 3:07 | Create | Villager (Male) |
| 3:08 | Create | Villager (Male) |
| 3:38 | Create | Villager (Male) |
| 3:39 | Create | Villager (Male) |
| 4:03 | Create | Villager (Male) |
| 4:03 | Create | Villager (Male) |
| 4:27 | Create | Villager (Male) |
| 4:28 | Create | Villager (Male) |
| 5:03 | Create | Villager (Male) |
| 5:03 | Create | Villager (Male) |
| 5:39 | Create | Villager (Male) |
| 5:39 | Create | Villager (Male) |
| 5:50 | Create | Villager (Male) |
| 5:51 | Create | Villager (Male) |
| 5:58 | Create | Villager (Male) |
| 5:58 | Create | Villager (Male) |
| 6:16 | Build | Mill |
| 7:19 | Create | Villager (Male) |
| 7:54 | Create | Villager (Male) |
| 8:03 | Research | Feudal Age |
| 8:34 | Build | Mining Camp |
| 10:21 | Research | Loom |
| 10:23 | Age | Feudal Age |
| 11:19 | Research | Double-Bit Axe |
| 11:35 | Research | Castle Age |
| 12:53 | Build | Stable |
| 14:15 | Age | Castle Age |
| 14:20 | Create | Knight |
| 14:21 | Create | Knight |
| 14:22 | Create | Knight |
| 14:27 | Build | House |
| 14:28 | Build | House |
| 14:37 | Build | Siege Workshop |
| 14:42 | Create | Villager (Male) |
| 15:03 | Create | Villager (Male) |
| 15:10 | Build | Farm |
| 15:15 | Build | House |
| 15:16 | Build | House |
| 15:30 | Create | Villager (Male) |
| 15:37 | Build | Farm |
| 15:40 | Build | Farm |
| 16:00 | Create | Battering Ram |
| 16:00 | Create | Battering Ram |
| 16:01 | Create | Scorpion |
| 16:02 | Create | Scorpion |
| 16:02 | Create | Scorpion |
| 16:09 | Create | Villager (Male) |
| 16:10 | Create | Villager (Male) |
| 16:35 | Build | House |
| 16:37 | Build | House |
| 16:47 | Build | Farm |
| 16:49 | Build | Farm |
| 17:14 | Build | Farm |
| 17:15 | Create | Villager (Male) |
| 17:32 | Create | Scorpion |
| 17:37 | Build | Farm |
| 17:39 | Create | Villager (Male) |
| 17:54 | Create | Villager (Male) |
| 17:59 | Build | House |
| 18:00 | Build | House |
| 18:14 | Build | Farm |
| 18:15 | Create | Villager (Male) |
| 18:15 | Create | Villager (Male) |
| 18:16 | Create | Villager (Male) |
| 18:40 | Create | Villager (Male) |
| 18:40 | Create | Villager (Male) |
| 18:56 | Create | Villager (Male) |
| 19:01 | Build | Farm |
| 19:05 | Build | House |
| 19:06 | Build | House |
| 19:26 | Create | Villager (Male) |
| 19:33 | Create | Villager (Male) |
| 19:49 | Create | Villager (Male) |
| 19:50 | Create | Villager (Male) |
| 20:11 | Create | Knight |
| 20:14 | Create | Mangonel |
| 20:24 | Build | Farm |
| 20:25 | Create | Villager (Male) |
| 20:31 | Build | Town Center |
| 20:55 | Build | Gate |
| 21:27 | Build | Stone Wall |
| 21:28 | Build | Stone Wall |
| 21:31 | Create | Mangonel |
| 21:52 | Create | Villager (Male) |
| 21:53 | Create | Villager (Male) |
| 21:55 | Research | Horse Collar |
| 22:10 | Create | Villager (Male) |
| 22:13 | Create | Mangonel |
| 22:25 | Create | Villager (Male) |
| 22:28 | Build | Farm |
| 22:39 | Create | Villager (Male) |
| 22:39 | Create | Villager (Male) |
| 22:50 | Build | Gate |
| 22:58 | Create | Villager (Male) |
| 22:58 | Create | Villager (Male) |
| 23:00 | Build | Farm |
| 23:08 | Build | Mining Camp |
| 23:37 | Build | Blacksmith |
| 23:54 | Create | Villager (Male) |
| 23:55 | Create | Villager (Male) |
| 24:06 | Build | Siege Workshop |
| 24:47 | Create | Mangonel |
| 24:47 | Create | Mangonel |
| 25:27 | Build | Stone Wall |
| 25:30 | Build | Stone Wall |
| 25:51 | Build | Stone Wall |
| 25:59 | Build | Stone Wall |
| 26:20 | Create | Mangonel |
| 27:05 | Build | Stone Wall |
| 28:05 | Build | Town Center |
| 28:56 | Build | Gate |
| 29:18 | Build | Barracks |
| 29:50 | Build | Stone Wall |
| 30:20 | Build | Farm |
| 30:22 | Build | Farm |
| 30:23 | Build | Farm |
| 30:24 | Create | Villager (Male) |
| 30:50 | Build | Farm |
| 30:59 | Build | Farm |
| 31:21 | Build | Stone Wall |
| 32:35 | Create | Villager (Male) |
| 32:35 | Create | Villager (Male) |
| 32:36 | Create | Villager (Male) |
| 32:43 | Build | House |
| 32:45 | Build | House |
| 33:42 | Build | Mining Camp |
| 34:12 | Build | Farm |
| 34:20 | Create | Villager (Male) |
| 34:23 | Build | Farm |
| 34:47 | Create | Villager (Male) |
| 34:50 | Build | Farm |
| 35:08 | Build | Town Center |
| 35:10 | Create | Villager (Male) |
| 35:15 | Build | Farm |
Match timeline
| 7:56 | CTM | chiwire · first_building Barracks |
| 9:25 | CTM | chiwire · age_up feudal |
| 9:31 | CTM | chiwire · first_building Archery Range |
| 9:41 | PSX | King · age_up feudal |
| 10:08 | Durazno Nalgón · age_up feudal |
| 10:20 | J43SMALL · first_building Barracks |
| 10:23 | CTM | Franco* · age_up feudal |
| 10:42 | Durazno Nalgón · first_building Siege Workshop |
| 10:49 | juand400 · age_up feudal |
| 10:56 | Duke Nukem · age_up feudal |
| 11:02 | J43SMALL · age_up feudal |
| 11:36 | J43SMALL · first_building Stable |
| 11:55 | thefacelessz23 · age_up feudal |
| 12:53 | CTM | Franco* · first_building Stable |
| 13:17 | PSX | King · age_up castle |
| 13:19 | PSX | King · first_building Monastery |
| 13:56 | juand400 · wall_segment Stone Wall x3 |
| 14:15 | CTM | Franco* · age_up castle |
| 14:19 | juand400 · age_up castle |
| 14:32 | Duke Nukem · age_up castle |
| 14:37 | CTM | Franco* · first_building Siege Workshop |
| 15:07 | juand400 · first_building Castle |
| 15:35 | J43SMALL · age_up castle |
| 15:50 | thefacelessz23 · age_up castle |
| 15:54 | juand400 · first_market_buy 100 food |
| 15:55 | thefacelessz23 · first_building Siege Workshop |
| 15:58 | thefacelessz23 · first_building Castle |
| 16:00 | Duke Nukem · first_market_buy 100 stone |
| 16:53 | juand400 · first_market_sell 100 wood |
| 16:55 | Duke Nukem · first_building Monastery |
| 18:14 | thefacelessz23 · first_market_sell 100 wood |
| 18:14 | thefacelessz23 · first_market_buy 100 food |
| 20:27 | PSX | King · first_building Siege Workshop |
| 21:08 | CTM | chiwire · wall_segment Stone Wall x1 |
| 21:27 | CTM | Franco* · wall_segment Stone Wall x1 |
| 21:28 | CTM | Franco* · wall_segment Stone Wall x1 |
| 22:00 | J43SMALL · first_building Monastery |
| 22:24 | PSX | King · first_market_buy 100 stone |
| 22:27 | Durazno Nalgón · first_building Barracks |
| 22:47 | CTM | chiwire · first_market_sell 100 food |
| 22:48 | CTM | chiwire · first_market_buy 100 stone |
| 23:39 | CTM | chiwire · age_up castle |
| 24:29 | Duke Nukem · first_building Barracks |
| 24:33 | Durazno Nalgón · age_up castle |
| 24:33 | Duke Nukem · first_market_sell 500 wood |
| 25:02 | Durazno Nalgón · first_market_buy 100 food |
| 25:06 | PSX | King · first_building Barracks |
| 25:27 | CTM | Franco* · wall_segment Stone Wall x1 |
| 25:30 | CTM | Franco* · wall_segment Stone Wall x1 |
| 25:42 | Duke Nukem · first_building Archery Range |
| 25:51 | CTM | Franco* · wall_segment Stone Wall x1 |
| 25:52 | Duke Nukem · first_building Siege Workshop |
| 25:53 | PSX | King · first_building Stable |
| 25:59 | CTM | Franco* · wall_segment Stone Wall x1 |
| 26:24 | PSX | King · first_building Castle |
| 27:02 | Duke Nukem · first_building Castle |
| 27:05 | CTM | Franco* · wall_segment Stone Wall x4 |
| 27:46 | PSX | King · age_up imperial |
| 27:47 | Duke Nukem · age_up imperial |
| 28:11 | Durazno Nalgón · first_building Stable |
| 28:35 | J43SMALL · first_market_buy 100 stone |
| 29:18 | CTM | Franco* · first_building Barracks |
| 29:18 | J43SMALL · first_building Castle |
| 29:38 | thefacelessz23 · first_building Barracks |
| 29:50 | CTM | Franco* · wall_segment Stone Wall x1 |
| 30:51 | J43SMALL · first_building Archery Range |
| 31:21 | CTM | Franco* · wall_segment Stone Wall x1 |
| 32:02 | J43SMALL · first_market_sell 500 wood |
| 33:23 | J43SMALL · age_up imperial |
| 35:20 | Durazno Nalgón · first_building Monastery |
| 36:27 | Durazno Nalgón · first_building Castle |
| 36:45 | juand400 · first_building Barracks |
| 37:28 | thefacelessz23 · age_up imperial |
| 37:53 | J43SMALL · tribute_sent a jugador 1 |
| 37:53 | J43SMALL · tribute_sent a jugador 2 |
| 37:53 | J43SMALL · tribute_sent a jugador 3 |
| 37:53 | J43SMALL · tribute_sent a jugador 4 |
| 37:53 | J43SMALL · tribute_sent a jugador 5 |
| 37:53 | J43SMALL · tribute_sent a jugador 6 |
| 37:53 | J43SMALL · tribute_sent a jugador 8 |
| 38:46 | Durazno Nalgón · age_up imperial |
| 39:11 | juand400 · first_building Stable |
| 39:42 | PSX | King · tribute_sent a jugador 1 |
| 39:42 | PSX | King · tribute_sent a jugador 2 |
| 39:42 | PSX | King · tribute_sent a jugador 3 |
| 39:42 | PSX | King · tribute_sent a jugador 4 |
| 39:42 | PSX | King · tribute_sent a jugador 5 |
| 39:42 | PSX | King · tribute_sent a jugador 7 |
| 39:42 | PSX | King · tribute_sent a jugador 8 |
| 41:28 | Durazno Nalgón · first_market_sell 500 wood |
| 41:35 | PSX | King · first_market_sell 100 food |
| 42:15 | juand400 · age_up imperial |
| 42:24 | CTM | Franco* · first_building Castle |
| 44:03 | thefacelessz23 · resign |
| 46:11 | J43SMALL · tribute_sent a jugador 1 |
| 46:11 | J43SMALL · tribute_sent a jugador 2 |
| 46:11 | J43SMALL · tribute_sent a jugador 3 |
| 46:11 | J43SMALL · tribute_sent a jugador 4 |
| 46:11 | J43SMALL · tribute_sent a jugador 5 |
| 46:11 | J43SMALL · tribute_sent a jugador 6 |
| 46:11 | J43SMALL · tribute_sent a jugador 8 |
| 46:24 | PSX | King · first_building Archery Range |
[ AI ANALYSIS · 1 CREDIT ]
What really happened in this match?
Wolo.gg analyzes every decision: build order, eco, micro, common mistakes by bracket. Personalized analysis on WhatsApp or Discord in 30 seconds.
Civ guide
Bohemians
Perfil
Jugador #19383521